 Dungeon Crawl Stone Soup version 0.31.0-10-gcf4a605ca0 (webtiles) character file.

Game seed: 2280753343955227000

140 Flugkiller the Ruffian (level 5, 19/49 HPs)
             Began as a Troll Enchanter on Jan 25, 2024.
             Quit the game on level 3 of the Dungeon.
             The game lasted 00:01:41 (2504 turns).

Flugkiller the Ruffian (Troll Enchanter)            Turns: 2504, Time: 00:01:41

Health: 19/49      AC:  4    Str: 18    XL:     5   Next: 2%
Magic:  5/5        EV:  9    Int: 11    God:
Gold:   163        SH:  0    Dex: 10    Spells: 6/6 levels left

rFire   . .          .
                       - Unarmed
rCold   . . .        (no shield)
rNeg    . . .        b - +0 robe
rPois   .            (helmet restricted)
rElec   .            (no cloak)
rCorr   .            (gloves unavailable)
SInv    .            (boots unavailable)
Will    .....        (no amulet)
Stlth   ++           (no ring)
HPRegen 1.08/turn    (no ring)
MPRegen 0.09/turn

%: no passive effects
@: no status effects
A: large, unfitting armour, claws 3, regeneration 1, shaggy fur 1, tough skin 1
a: no special abilities


You were on level 3 of the Dungeon.
You visited 1 branch of the dungeon, and saw 4 of its levels.

You collected 163 gold pieces.

Inventory:

Hand Weapons
 d - the +4 sling of Dopnue Paom {freeze, rElec rCorr Int+3 Dex-4}
   (You found it on level 2 of the Dungeon)

   Int+3:     It affects your intelligence (+3).
   Dex-4:     It affects your dexterity (-4).
   rElec:     It insulates you from electricity.
   rCorr:     It protects you from acid and corrosion.
 f - the +10 war axe of Woe {distort, rN++}
   (You found it on level 2 of the Dungeon)

   rN++:      It greatly protects you from negative energy.
Missiles
 c - 9 poisoned darts (quivered)
 g - 3 javelins
Armour
 b - a +0 robe (worn)
Jewellery
 a - a ring of resist corrosion
   (You found it on level 1 of the Dungeon)
Wands
 e - a wand of quicksilver (2)
   (You found it on level 2 of the Dungeon)


   Skills:
 + Level 2.0 Fighting
 - Level 0.7 Short Blades
 - Level 1.5 Dodging
 - Level 1.5 Stealth
 * Level 3.7 Unarmed Combat
 - Level 1.2 Spellcasting
 - Level 2.0 Hexes


You had 6 spell levels left.
You didn't know any spells.
Your spell library contained the following spells:

 Spells                   Type           Power      Damage    Failure   Level
 Ensorcelled Hibernation  Hex/Ice        4%         N/A       32%         2
 Confusing Touch          Hex            5%         N/A       38%         3
 Tukima's Dance           Hex            5%         N/A       38%         3
 Dazzling Flash           Conj/Hex       4%         N/A       54%         3
 Animate Armour           Summ/Erth      0%         N/A       97%         4
 Summon Lightning Spire   Summ/Air       0%         N/A       97%         4
 Lee's Rapid Deconstruct  Erth           0%         3d4*      100%        5


Dungeon Overview and Level Annotations

Branches:
Dungeon (4/15) Zot: 21502
 Temple: D:4-7

Altars:
Xom

Shops:
D:1 :   D:2 *

Annotations:
D:3 Eustachio


Innate Abilities, Weirdness & Mutations

You are too large for most types of armour.
You have claws for hands.
Your natural rate of healing is unusually fast.
You are covered in fur. (AC +1)
You have tough skin. (AC +1)


Message History

No target in view!
Things that are here:
a +0 short sword; an orc corpse A ball python comes into view.
The ball python hisses angrily.
You hear a shout!
A kobold comes into view. It is wielding a +0 short sword.
There are monsters nearby!
There are monsters nearby!
You completely miss the ball python. The ball python bites you.
You scratch the ball python.
You kill the ball python!
You scratch the kobold.
The kobold is moderately wounded.
The kobold hits you with a +0 short sword.
You claw the kobold!
You kill the kobold!
No target in view!
No target in view!
No target in view!
No target in view!
No target in view!
Things that are here:
a +0 short sword; a kobold corpse; a ball python corpse
Things that are here:
a +0 short sword; an orc corpse You open the door.
There is an open door here.
Key pressed, stopping explore.
No target in view!
There is an open door here.
Done exploring.
No target in view!
Done exploring.
No target in view!
No target in view!
There is a stone staircase leading down here.
You climb downwards.
The gnoll bouda shouts!
The gnoll shouts! x2
Found a book of Scorching.
Found a stone staircase leading down.
There is a stone staircase leading up here.
There are monsters nearby!
Unknown command.
There are monsters nearby!
There are monsters nearby!
You scratch the gnoll.
The gnoll is lightly wounded.
Eustachio yells, "Perjured traitor, DIE!"
The gnoll barely misses you. The gnoll hits you with a +0 whip.
You climb upwards.
There is a stone staircase leading down here.
You claw the gnoll!
The gnoll is almost dead.
The gnoll misses you. The gnoll hits you but does no damage.
You scratch the gnoll but do no damage.
The gnoll is almost dead.
The gnoll hits you with a +0 whip. The gnoll hits you with a +0 club!
You claw the gnoll!
You kill the gnoll!
The gnoll hits you with a +0 club.
Your Fighting skill increases to level 2!
You claw the gnoll!
You kill the gnoll!
You have reached level 5!
Things that are here:
a +0 club; a gnoll corpse You start resting.
HP restored.
There is a stone staircase leading down here.
You climb downwards.
Level annotation: Eustachio Eustachio screams, "This atrocity can only be purified with blood!"
Eustachio hits you with a +0 rapier. The gnoll closely misses you.
Eustachio hits you with a +0 rapier.
The gnoll bouda barks out a call to the hunt!
The gnoll picks up the pace!
The gnoll hits you with a +0 club.
There is a stone staircase leading up, spattered with blood here.
Eustachio hits you with a +0 rapier. The gnoll hits you but does no damage.
You climb upwards.
There is a stone staircase leading down here.
You miss Eustachio.
Eustachio gestures wildly while chanting.
The gnoll hits you but does no damage.
You barely miss Eustachio. Eustachio closely misses you.
The quasit bites you but does no damage.
The quasit claws you but does no damage. x2
The gnoll closely misses you.
You barely miss the gnoll.
The quasit bites you but does no damage.
The quasit claws you but does no damage. x2
The gnoll hits you with a +0 club. Eustachio hits you with a +0 rapier.
You scratch the gnoll but do no damage.
The crimson imp hits you but does no damage.
The crimson imp hits you.
The quasit bites you but does no damage.
The quasit closely misses you. x2; The gnoll hits you but does no damage.
Eustachio hits you with a +0 rapier!
You aren't carrying any scrolls.
Unknown command.
Are you sure you want to abandon this character and quit the game? (Confirm with "yes".)

#.# ######.## #.# #.......#
########.###......(#
..........##.......##############
####......##.......#.............
..♣#......###........############
♣.♣#........#.###.#..# #
.♣.'.##...#?#.###5#..# #
..♣#...........5@@#..# #
..♣####...#.####g5#..# #
####......#.# #..#..# #
#######.#.#.####..#..# # ....#
#.#.#.......#..########## #
###.###.#.#.......#...........# #
###...#.#.#.......#.#########.# #
......#.#.#.......#.# #.# #
##....#.#.######.##.#########.# #


You could see Eustachio, a quasit (summoned), a gnoll (swift) and 2 crimson
imps.

Vanquished Creatures
  2 gnolls (D:3)
  6 adders
  A ribbon worm (D:3)
  A dart slug (D:3)
  An orc (D:3)
  4 bats (D:1)
  5 endoplasms
  2 giant cockroaches
  4 hobgoblins
  4 jackals (D:1)
  3 quokkas
  7 ball pythons
  3 frilled lizards
  5 goblins
  7 kobolds
  8 rats
63 creatures vanquished.

Notes
Turn   | Place    | Note
-------+----------+-------------------------------------------
     0 | D:1      | Flugkiller the Troll Enchanter began the quest for the Orb.
     0 | D:1      | Reached XP level 1. HP: 16/16 MP: 1/1
    75 | D:1      | Found Emmaudou's Book Boutique.
   151 | D:1      | Reached skill level 1 in Unarmed Combat
   242 | D:1      | Reached XP level 2. HP: 26/26 MP: 2/2
   521 | D:1      | Reached skill level 1 in Fighting
   572 | D:1      | Reached skill level 2 in Unarmed Combat
   747 | D:1      | Reached XP level 3. HP: 33/33 MP: 3/3
   987 | D:2      | Identified the +4 sling of Dopnue Paom {freeze, rElec rCorr
                  | Int+3 Dex-4}
   999 | D:2      | Found a shimmering altar of Xom.
  1088 | D:2      | Found Abosa's Assorted Antiques.
  1108 | D:2      | Identified the +10 war axe of Woe {distort, rN++}
  1266 | D:2      | Found a faded altar of an unknown god.
  1460 | D:2      | Reached XP level 4. HP: 41/41 MP: 4/4
  1511 | D:3      | Reached skill level 3 in Unarmed Combat
  2473 | D:4      | Noticed Eustachio
  2481 | D:3      | Reached XP level 5. HP: 34/49 MP: 5/5
  2504 | D:3      | Quit the game

Illustrated notes

Levels and vault maps discovered:
D:1:      dpeg_arrival_court, layout_basic, serial_shops, shop_fountains
D:2:      layout_loops_cross, shapermc_ecumenical_altar_notcrosses, basic_altar,
          serial_shops, nicolae_square_shop
D:3:      layout_basic, chequers_arboretum, kennysheep_generic_room_9
D:4:      layout_rooms, kiku_gazebo_garden_becter, uniq_eustachio

Skill      XL: |  1  2  3  4 |
---------------+-------------+-----
Unarmed Combat | 1 2 3 |  3.7
Fighting       | 1 2 |  2.0
Short Blades   | |  0.7
Dodging        | |  1.5
Stealth        | |  1.5
Spellcasting   | |  1.2
Hexes          | |  2.0

Action                     |  1- 3 |  4- 6 || total
---------------------------+-------+-------++-------
  Melee: Unarmed           |   115 |    69 ||   184
         Punch             |       |     2 ||     2
   Stab: Sleeping          |     1 |     3 ||     4
 Armour: Robe              |    80 |    62 ||   142
  Dodge: Dodged            |    49 |    29 ||    78
